Match 42624228
Unlisted

Match 42624228
End
Kradschützen Motorcycle Team
Selects Battlefield Espionage Battlegroup
Selects Battlefield Espionage Battlegroup
Panzergrenadier Squad
Panzergrenadier Squad
Panzergrenadier Squad
Construct Light Support Kompanie
Fire Support Elements
Selects Intel Disruption Beacon
2.5-tonne Medical Truck
MG34 Team
Veteran Squad Leaders
Construct Panzerarmee Kommand
le.IG 18 Mechanized Group
Selects 250/3 Funkpanzerwagen
Selects Plunder
Selects 250/3 Funkpanzerwagen
Selects Advanced Ambush Training
Panzer III L Medium Tank
Rapid Advance
Tungsten Core Ammunition
Panzer III L Medium Tank
Selects Plunder
Selects Firestorm
Firestorm
Walking Stuka Rocket Launcher
PaNzEr FaUsTiK
سَۨفُـيٰانۨوٰس
0
0

Comments sign in to comment!

No comments posted yet!